 Dungeon Crawl Stone Soup version 0.30-a0-168-g0b976cbdc4 (webtiles) character file.

Game seed: 17578952699526120840

614 qw the Chopper (level 7, -3/44 HPs)
             Began as a Gargoyle Fighter on Sept 29, 2022.
             Was an Initiate of Okawaru.
             Slain by a gnoll sergeant
             ... wielding a +0 spear
              (4 damage)
             ... on level 5 of the Dungeon.
             The game lasted 00:01:21 (4116 turns).

qw the Chopper (Gargoyle Fighter)                   Turns: 4116, Time: 00:01:22

Health: -3/44      AC: 16    Str: 21    XL:     7   Next: 44%
Magic:  7/7        EV:  7    Int: 12    God:    Okawaru [......]
Gold:   343        SH:  4    Dex:  8    Spells: 6/6 levels left

rFire   . . .      SeeInvis +    Y - +1 war axe
rCold   . . .      Faith    .    c - +0 buckler
rNeg    + . .      Spirit   .    p - +0 chain mail
rPois   inf        Reflect  .    (helmet restricted)
rElec   +          Harm     .    (no cloak)
rCorr   .          Rampage  .    (no gloves)
Will    .....                    q - +1 pair of boots
Stlth   ..........               (no amulet)
HPRegen 0.14/turn                f - ring of see invisible
MPRegen 0.10/turn                (no ring)

@: no status effects
A: sickness immunity, AC +4, negative energy resistance 1, electricity
resistance, torment resistance 1, petrification resistance, antennae 1, clever 1
a: Renounce Religion


You were on level 5 of the Dungeon.
You worshipped Okawaru.
Okawaru was noncommittal.
You visited 2 branches of the dungeon, and saw 6 of its levels.

You collected 343 gold pieces.


Innate Abilities, Weirdness & Mutations

You are immune to sickness and miasma.
Your stone body is resilient. (AC +4)
You are immune to poison.
You resist negative energy. (rN+)
You are resistant to electric shocks. (rElec)
You are resistant to unholy torment.
You are immune to petrification.
You have a pair of small antennae on your head.
Your mind is acute. (Int +4, Str/Dex -1)


   Skills:
 + Level 4.3 Fighting
 - Level 7.0 Axes
 - Level 3.2 Armour
 - Level 3.2 Shields


You had 6 spell levels left.
You didn't know any spells.
Your spell library was empty.

Inventory:

Hand Weapons
 i - a +0 morningstar
 Y - a +1 war axe (weapon)
Armour
 c - a +0 buckler (worn)
 p - a +0 chain mail (worn)
 q - a +1 pair of boots (worn)
Jewellery
 a - a ring of fire
 f - a ring of see invisible (left hand)
Scrolls
 g - a scroll of identify
Potions
 d - a potion of might
 j - 2 potions of mutation
 l - a potion of invisibility {unknown}
 m - a potion of attraction {unknown}
 n - a potion of heal wounds {unknown}
 o - a potion of berserk rage {unknown}

Dungeon Overview and Level Annotations

Branches:
Dungeon (5/15)             Temple (1/1) D:4

Altars:
Ashenzari
Cheibriados
Dithmenos
Elyvilon
Gozag
Kikubaaqudgha
Makhleb
Nemelex Xobeh
Okawaru
Qazlal
Ru
Trog
Uskayaw
Vehumet
Wu Jian
Xom
Yredelemnul
Zin
The Shining One

Shops:
D:4 (

Annotations:
D:2 1 runed translucent door, Crazy Yiuf


Message History

The adder is almost dead.
You block the gnoll's attack.
The gnoll hits you from afar with a +1 spear of venom.
A gnoll comes into view. It is wielding a +0 club.
The gnoll sergeant hits you but does no damage.
The adder bites you but does no damage.
The gnoll hits you but does no damage. x2
The gnoll sergeant hits you from afar with a +0 spear.
You block the adder's attack.
You hit the adder.
You kill the adder!
Okawaru accepts your kill. You block the gnoll's attack. x2
The gnoll sergeant hits you from afar with a +0 spear!
Your Axes skill increases to level 7!
The gnoll barely misses you. The gnoll hits you but does no damage.
The gnoll sergeant hits you with a +0 spear.
Items here: %% ) [.
You slash the gnoll sergeant!
The gnoll sergeant is moderately wounded.
You barely miss the gnoll. You slash the gnoll!
The gnoll hits you but does no damage. x2
The gnoll sergeant hits you but does no damage.
You barely miss the gnoll.
The gnoll is heavily wounded.
You completely miss the gnoll sergeant. You hit the gnoll.
The gnoll hits you but does no damage. The gnoll closely misses you.
The gnoll sergeant hits you with a +0 spear.
You hit the gnoll.
The gnoll is severely wounded.
You hit the gnoll sergeant but do no damage.
You barely miss the gnoll. The gnoll hits you with a +0 spear.
The gnoll hits you but does no damage.
The gnoll sergeant hits you but does no damage.
You slash the gnoll!
You kill the gnoll!
Okawaru accepts your kill.
You hit the gnoll sergeant. You hit the gnoll but do no damage.
The gnoll hits you but does no damage.
The gnoll sergeant hits you with a +0 spear.
You die...

#.# #.# #.# #
#.. #. #.#
...####.###
#.....ggg.#
#.#@# #.###.).#
.......<#
...##.........l
#. ###.#.###..
....# ..# #
#..# #...


You could see a gnoll sergeant and 2 gnolls.

Vanquished Creatures
  Sigmund (D:2)
  A black bear (D:4)
  An ogre (D:4)
  A jelly (D:4)
  An orc priest (D:5)
  A hound (D:4)
  2 iguanas
  An orc wizard (D:5)
  A gnoll (D:5)
  5 adders
  3 dart slugs (D:4)
  8 orcs
  A bat (D:2)
  4 endoplasms
  4 giant cockroaches
  9 goblins
  4 hobgoblins
  3 jackals (D:4)
  3 quokkas
  7 ball pythons
  4 frilled lizards
  4 kobolds
  7 rats
76 creatures vanquished.

Vanquished Creatures (others)
  4 fungi (D:2)
  5 toadstools (D:3)
9 creatures vanquished.

Grand Total: 85 creatures vanquished

Notes
Turn   | Place    | Note
-------+----------+-------------------------------------------
     0 | D:1      | qw the Gargoyle Fighter began the quest for the Orb.
     0 | D:1      | Reached XP level 1. HP: 14/14 MP: 1/1
     0 | D:1      | 0 ||| qw: Version: 0.2-a-12-gaebbb33
     0 | D:1      | 0 ||| qw: Game counter: 1095
     0 | D:1      | 0 ||| qw: Always use a shield: true
     0 | D:1      | 0 ||| qw: God list: Okawaru
     0 | D:1      | 0 ||| qw: Allow faded altars: false
     0 | D:1      | 0 ||| qw: Do Orc after D:15 true
     0 | D:1      | 0 ||| qw: Do second Lair branch before Depths: true
     0 | D:1      | 0 ||| qw: Lair rune preference: random
     0 | D:1      | 0 ||| qw: Plans: Normal, Zot:1-4, God:TSO, Crypt, Tomb,
                  | Pan, Slime:5, Hells, Abyss, Orb
     0 | D:1      | 0 ||| PLANNING D:1-11
   156 | D:1      | 156 ||| Stepping ~*~*~tactically~*~*~ (stealth).
   157 | D:1      | 157 ||| Stepping ~*~*~tactically~*~*~ (stealth).
   160 | D:1      | Reached skill level 2 in Axes
   168 | D:1      | 168 ||| Stepping ~*~*~tactically~*~*~ (stealth).
   190 | D:1      | Reached XP level 2. HP: 19/19 MP: 2/2
   929 | D:1      | 929 ||| DROPPING amulet of faith.
   930 | D:1      | 930 ||| DROPPING +6 ring of intelligence.
   931 | D:1      | 931 ||| READING 2 scrolls labelled FAIDYS AT YBU.
   955 | D:2      | Reached skill level 3 in Axes
   955 | D:2      | 955 ||| STAIRDANCE
   989 | D:2      | Found a faded altar of an unknown god.
  1139 | D:2      | 1139 ||| DROPPING +0 club.
  1189 | D:2      | 1189 ||| Stepping ~*~*~tactically~*~*~ (stealth).
  1190 | D:2      | 1190 ||| Stepping ~*~*~tactically~*~*~ (stealth).
  1195 | D:2      | Reached XP level 3. HP: 23/23 MP: 3/3
  1387 | D:2      | Noticed Sigmund
  1397 | D:2      | Killed Sigmund
  1398 | D:2      | Reached skill level 5 in Axes
  1398 | D:2      | Reached XP level 4. HP: 13/28 MP: 4/4
  1398 | D:2      | Reached XP level 5. HP: 15/32 MP: 5/5
  1843 | D:2      | Found a runed translucent door.
  1844 | D:2      | Noticed Crazy Yiuf
  1853 | D:2      | 1853 ||| Stepping ~*~*~tactically~*~*~ (stealth).
  1982 | D:2      | 1982 ||| UPGRADING to ring of see invisible.
  1983 | D:2      | 1983 ||| DROPPING ring of wizardry.
  1984 | D:2      | 1984 ||| READING 2 scrolls labelled QIREMINOBOYXT.
  1985 | D:2      | 1985 ||| READING scroll labelled DUD FADDOIXOM.
  1986 | D:2      | 1986 ||| DRINKING 3 black potions.
  1986 | D:2      | Gained mutation: You have a pair of small antennae on your
                  | head. [potion of mutation]
  1986 | D:2      | Gained mutation: Your mind is acute. (Int +4, Str/Dex -1)
                  | [potion of mutation]
  2132 | D:3      | 2132 ||| DROPPING +0 whip.
  2312 | D:3      | Found an ornate altar of the Wu Jian Council.
  2944 | D:3      | 2944 ||| UPGRADING to +0 chain mail.
  2954 | D:3      | 2954 ||| DROPPING +0 scale mail.
  2955 | D:3      | 2955 ||| UPGRADING to +0 pair of boots.
  2960 | D:3      | 2960 ||| READING scroll of enchant armour.
  2960 | D:3      | 2960 ||| ENCHANTING +0 pair of boots.
  2961 | D:3      | 2961 ||| READING scroll labelled FIOCO ZOGITISO.
  2962 | D:3      | 2962 ||| READING 2 scrolls of identify.
  2962 | D:3      | 2962 ||| IDENTIFYING yellow potion
  2963 | D:3      | 2963 ||| DROPPING potion of flight.
  3007 | D:4      | 3007 ||| Stepping ~*~*~tactically~*~*~ (hiding).
  3013 | D:4      | Reached XP level 6. HP: 38/38 MP: 6/6
  3036 | D:4      | Found a staircase to the Ecumenical Temple.
  3037 | D:4      | 3037 ||| PLANNING TEMPLE
  3037 | D:4      | 3037 ||| READING scroll labelled LIOZXU ORUGA.
  3039 | D:4      | 3039 ||| FLEEEEING.
  3040 | D:4      | 3040 ||| FLEEEEING.
  3041 | D:4      | 3041 ||| FLEEEEING.
  3042 | D:4      | 3042 ||| FLEEEEING.
  3044 | D:4      | 3044 ||| STAIRDANCE
  3051 | D:4      | 3051 ||| STAIRDANCE
  3104 | Temple   | Entered the Ecumenical Temple
  3158 | Temple   | 3158 ||| PLANNING OKAWARU WORSHIP
  3220 | Temple   | Became a worshipper of Warmaster Okawaru
  3221 | Temple   | 3221 ||| PLANNING D:1-11
  3373 | D:4      | Found Leseegeu's Weapon Shop.
  3599 | D:4      | Noticed a black bear
  3604 | D:4      | 3604 ||| Stepping ~*~*~tactically~*~*~ (stealth).
  3605 | D:4      | 3605 ||| Stepping ~*~*~tactically~*~*~ (stealth).
  3613 | D:4      | Killed a black bear
  3614 | D:4      | Reached skill level 6 in Axes
  3633 | D:4      | 3633 ||| FLEEEEING.
  3634 | D:4      | 3634 ||| FLEEEEING.
  3635 | D:4      | 3635 ||| FLEEEEING.
  3649 | D:4      | 3649 ||| FLEEEEING.
  3650 | D:4      | 3650 ||| FLEEEEING.
  3780 | D:4      | Reached XP level 7. HP: 44/44 MP: 7/7
  3874 | D:4      | 3874 ||| READING scroll labelled MOMUET JYE.
  3875 | D:4      | 3875 ||| READING 2 scrolls of identify.
  3875 | D:4      | 3875 ||| IDENTIFYING pink potion
  3876 | D:4      | 3876 ||| DROPPING potion of degeneration.
  4100 | D:5      | Entered Level 5 of the Dungeon
  4111 | D:5      | HP: 11/44 [gnoll sergeant/+0 spear (9)]
  4112 | D:5      | Reached skill level 7 in Axes
  4114 | D:5      | HP: 4/44 [gnoll sergeant/+0 spear (4)]
  4115 | D:5      | HP: 1/44 [gnoll/+0 spear[a gnoll sergeant] (3)]
  4116 | D:5      | Slain by a gnoll sergeant

Levels and vault maps discovered:
D:1:      erik_arrival_cave_to_civilisation [erik_arrival_cave_to_hall],
          layout_loops_ring, minmay_pentomino_z2
D:2:      layout_loops_ring, shapermc_ecumenical_altar_rom_forum, uniq_sigmund,
          uniq_crazy_yiuf_cottage
D:3:      layout_basic, nzn_wu_jian_council_hall, minmay_gold_behind_fungi
D:4:      layout_cave_pools, minmay_temple_entry_purple_smoke, serial_shops,
          nicolae_shop_hallway_plus, wad_orctagon
D:5:      layout_basic, mainiacjoe_overflow_divided_tiny
Temple:   nicolae_temple_two_arcs

Skill      XL: |  1  2  3  4  5  6  7 |
---------------+----------------------+-----
Axes           | 2 3 5 6 7 |  7.0
Fighting       | 4 |  4.3
Armour         | |  3.2
Shields        | |  3.2

Action                   |  1- 3 |  4- 6 |  7- 9 || total
-------------------------+-------+-------+-------++-------
Melee: War axe           |    70 |   124 |    34 ||   228
  Use: Scroll            |     1 |     6 |     2 ||     9
       Potion            |       |     1 |       ||     1
Armor: Scale mail        |    29 |    27 |       ||    56
       Chain mail        |       |    59 |    39 ||    98
Dodge: Dodged            |    22 |    49 |    11 ||    82
Block: Buckler           |     9 |    11 |     8 ||    28

Table legend:
 A = Non-vault XP
 B = Vault XP
 C = Vault XP percentage of total XP
 D = Non-vault monster count
 E = Vault monster count
 F = Vault count percentage of total count
                 A         B        C        D         E       F
            +---------+---------+-------+---------+---------+-------
      Total |     648 |     245 |  27.4 |      67 |       9 |  11.8
            +---------+---------+-------+---------+---------+-------
        D:1 |      22 |       7 |  24.1 |      15 |       4 |  21.1
        D:2 |      12 |     226 |  95.0 |       8 |       1 |  11.1
        D:3 |      49 |       0 |   0.0 |      15 |       0 |   0.0
        D:4 |     420 |      12 |   2.8 |      23 |       4 |  14.8
        D:5 |     145 |       0 |   0.0 |       6 |       0 |   0.0
            +---------+---------+-------+---------+---------+-------
